 Dungeon Crawl Stone Soup version 0.19-a0-1654-g9d3f708 (webtiles) character file.

44 Amnesiac the Charlatan (level 3, -3/26 HPs)
             Began as a Mummy Artificer on Sept 21, 2016.
             Slain by a bullfrog (4 damage)
             ... on level 4 of the Dungeon.
             The game lasted 00:01:34 (1048 turns).

Amnesiac the Charlatan (Mummy Artificer)            Turns: 1048, Time: 00:01:35

Health: -3/26      AC:  3    Str: 15    XL:     3   Next: 39%
Magic:  5/5        EV: 12    Int: 10    God:
Gold:   46         SH:  0    Dex: 13    Spells: 0 memorised, 2 levels left

rFire  x . .     SeeInvis .     f - -1 long sword (curse)
rCold  + . .     Gourm    .     b - +0 leather armour
rNeg   + + +     Faith    +     (no shield)
rPois  ∞         Spirit   .     (no helmet)
rElec  .         Dismiss  .     (no cloak)
rCorr  .         Reflect  .     (no gloves)
MR     .....     Harm     .     (no boots)
Stlth  +.........               i - amulet of faith
                                (no ring)
                                (no ring)

@: no status effects
A: no food or potions, fire vulnerability, cold resistance 1, negative energy
resistance 3, torment resistance, unbreathing
a: no special abilities


You were on level 4 of the Dungeon.
You were not hungry.

You visited 1 branch of the dungeon, and saw 4 of its levels.

You collected 46 gold pieces.

Inventory:

Hand Weapons
 a - a +0 short sword
 f - a cursed -1 long sword (weapon)
Armour
 b - a +0 leather armour (worn)
 h - a cursed +0 ring mail
Jewellery
 i - an amulet of faith (around neck)
Wands
 c - a wand of flame (15/48)
 d - a wand of enslavement (13/24)
 e - a wand of random effects (14/48)
 g - a wand of slowing (25/48)
Scrolls
 j - a scroll of random uselessness {unknown}
 k - a scroll of teleportation {unknown}


   Skills:
 - Level 1.0 Fighting
 - Level 0.7 Short Blades
 - Level 1.5 Dodging
 - Level 0.7 Stealth
 + Level 3.6 Evocations


You had 2 spell levels left.
You didn't know any spells.

Dungeon Overview and Level Annotations

Branches:
Dungeon (4/15)
 Temple: D:4-7

Altars:
Sif Muna
Uskayaw

Annotations:
D:3 exclusion: door


Innate Abilities, Weirdness & Mutations

You do not eat or drink.
Your flesh is vulnerable to fire.
You are immune to poison.
Your flesh is cold resistant. (rC+)
You are immune to negative energy. (rN+++)
You are immune to unholy pain and torment.
You can survive without breathing.


Message History

The bullfrog is moderately wounded.
The bullfrog closely misses you.
You riposte.
You closely miss the bullfrog.
The bullfrog is moderately wounded.
The bullfrog completely misses you.
Unknown command.
You closely miss the bullfrog.
The bullfrog is moderately wounded.
The bullfrog closely misses you.
You riposte.
You closely miss the bullfrog.
The bullfrog is moderately wounded.
The bullfrog hits you!
* * * LOW HITPOINT WARNING * * *
Unknown command.
Evoke which item? (* to show all) (? for menu, Esc to quit)
Zapping:
e - a wand of random effects (15/48)
Press: ? - help, Shift-Dir - straight line, f - bullfrog
Aim: a bullfrog (moderately wounded)
The bullfrog flickers and vanishes!
Deactivating autopickup; reactivate with Ctrl-A.
This wand has 14 charges left.
Something hits you.
You die...

#.# #.# #. #.# #.#
#. #.# #.# #. ####.#
#.# #.
#....#######.####
####................
........############
###########.#
......{@....#
#############


There were no monsters in sight!

Vanquished Creatures
  A worker ant (D:4)
  An orc (D:3)
  A bat (D:3)
  3 giant cockroaches
  2 hobgoblins
  3 jackals (D:3)
  A frilled lizard (D:4)
  A kobold (D:3)
  A leopard gecko skeleton (D:4)
  A rat (D:3)
15 creatures vanquished.

Vanquished Creatures (collateral kills)
  2 hobgoblins (D:2)
2 creatures vanquished.

Grand Total: 17 creatures vanquished

Notes
Turn   | Place    | Note
-------+----------+-------------------------------------------
     0 | D:1      | Amnesiac the Mummy Artificer began the quest for the Orb.
     0 | D:1      | Reached XP level 1. HP: 15/15 MP: 2/2
    45 | D:2      | Found a hide-covered altar of Uskayaw.
    48 | D:2      | Noticed a dagger
    49 | D:2      | Noticed a hand axe
    76 | D:3      | Noticed an orc priest
    76 | D:3      | Noticed an orc priest
   357 | D:3      | Reached XP level 2. HP: 12/21 MP: 4/4
   362 | D:3      | Reached skill level 3 in Evocations
   505 | D:3      | Found a deep blue altar of Sif Muna.
   707 | D:4      | Reached XP level 3. HP: 5/26 MP: 5/5
  1038 | D:4      | Noticed a bullfrog
  1047 | D:4      | HP: 1/26 [bullfrog (7)]
  1048 | D:4      | Slain by a bullfrog

Vault maps used:
D:1:      dpeg_arrival_simpleton_b, minivault_11, kennysheep_nondescript,
          hex_intersection, solitary_fountain
D:2:      dancing_weapons_uskayaw, lemuel_zombie_altar_yredelemnul,
          minmay_door_square, minmay_box_of_dots, uniq_terence
D:3:      led_sif_book, first_bread, kennysheep_generic_room_16
D:4:      grunt_temple_overflow_lords_of_destruction, portal_sewer_entry_e

Skill      XL: |  1  2 |
---------------+-------+-----
Evocations     | 3 |  3.6
Fighting       | |  1.0
Short Blades   | |  0.7
Dodging        | |  1.5
Stealth        | |  0.7

Action                   || total
-------------------------++-------
Melee: Long sword        ||    78
       Short sword       ||    10
Evoke: Wand              ||     3
 Stab: Sleeping          ||     1
Armor: Leather armour    ||    24
Dodge: Dodged            ||    69
